 Dungeon Crawl Stone Soup version 0.17-a0-737-gf0a300a (webtiles) character file.

93 Ngotmuk the Covered (level 4, -3/42 HPs)
             Began as a Deep Dwarf Fighter on Apr 28, 2015.
             Killed by nerve-wracking pain
             ... invoked by an orc priest
              (11 damage)
             ... on level 3 of the Dungeon.
             The game lasted 00:06:18 (1607 turns).

Ngotmuk the Covered (Deep Dwarf Fighter)            Turns: 1607, Time: 00:06:18

Health: -3/42      AC: 14    Str: 20    XL:     4   Next: 36%
Magic:  4/4        EV:  4    Int:  9    God:
Gold:   118        SH:  9    Dex: 12    Spells: 0 memorised, 3 levels left

rFire  . . .     SeeInvis .     a - +0 war axe
rCold  . . .     Clarity  .     n - +0 plate armour
rNeg   . . .     SustAb   .     c - +0 shield
rPois  .         Gourm    .     (no helmet)
rElec  .         Spirit   .     (no cloak)
rCorr  .         Warding  .     o - +2 pair of gloves
rMut   .         Stasis   .     (no boots)
MR     .....                    (no amulet)
Stlth  ..........               (no ring)
                                (no ring)

@: non-regenerating, not resistant to hostile enchantments, extremely unstealthy
A: damage resistance, recharge devices, sense surroundings 1, slow healing 3
a: Device Recharging


You were on level 3 of the Dungeon.
You were not hungry.

You visited 1 branch of the dungeon, and saw 3 of its levels.

You collected 118 gold pieces.

Inventory:

Hand weapons
 a - a +0 war axe (weapon)
Armour
 c - a +0 shield (worn)
 n - a +0 plate armour (worn)
 o - a +2 pair of gloves (worn)
Jewellery
 p - an uncursed amulet of regeneration {unknown}
Magical devices
 e - a wand of heal wounds (5)
Scrolls
 b - 2 scrolls of random uselessness {unknown}
 k - 3 scrolls of identify {unknown}
 l - 4 scrolls of magic mapping {unknown}
 r - a scroll of remove curse {unknown}
 t - 2 scrolls of teleportation {unknown}
 u - a scroll of amnesia {unknown}
Potions
 d - 2 potions of might
 f - a potion of beneficial mutation {unknown}
 g - a potion of flight {unknown}
 h - a potion of curing {unknown}
 i - a potion of brilliance {unknown}
 j - a potion of heal wounds {unknown}
 m - a potion of lignification {unknown}
Comestibles
 q - 9 fruits
 s - a royal jelly
 v - a meat ration


   Skills:
 + Level 3.1 Fighting
 + Level 2.9 Axes
 + Level 4.0 Armour
 + Level 1.8 Dodging
 + Level 3.9 Shields


You had 3 spell levels left.
You didn't know any spells.

Dungeon Overview and Level Annotations

Branches:
Dungeon (3/15)

Altars:


Innate Abilities, Weirdness & Mutations

You are resistant to damage.
You can recharge devices by infusing magical energy.
You passively map a small area around you.
You do not heal naturally.


Message History

You hit the orc priest but do no damage.
The orc priest is lightly wounded.
The orc priest hits you but does no damage.
You hit the orc priest.
The orc priest is heavily wounded.
The orc priest invokes the aid of Beogh against you.
Pain shoots through your body!
* * * LOW HITPOINT WARNING * * *
You barely miss the orc priest.
The orc priest is heavily wounded.
The orc priest hits you with a flail.
* * * LOW HITPOINT WARNING * * *
You hit the orc priest but do no damage.
The orc priest is heavily wounded.
You block the orc priest's attack.
You slash the orc priest!
The orc priest is almost dead.
The orc priest invokes the aid of Beogh against you.
Pain shoots through your body!
You die...

... , * #.....# * *
#.....# ###.....# , # ,
........#, ,... ,
**#.......# ... ,
#..##?..,,..
####..##.###.#.#...
#####.##..#>))@o.......
#.....##..#..###.......
, , #.....##..#..#
..... ,
#.....##.....###, ....
#####.................
, ##............. #
#.###..#.##.....
##.............. , *
#...##..#.....[


You could see an orc priest.

Vanquished Creatures
  A gnoll (D:1)
  4 adders (D:2)
  A worm (D:2)
  3 orcs (D:3)
  7 bats
  4 hobgoblins
  4 kobolds
  2 giant newts (D:1)
  7 goblins
  6 jackals
  8 rats
47 creatures vanquished.

Notes
Turn   | Place    | Note
--------------------------------------------------------------
     0 | D:1      | Ngotmuk, the Deep Dwarf Fighter, began the quest for the Orb.
     0 | D:1      | Reached XP level 1. HP: 20/20 MP: 1/1
   196 | D:1      | Reached XP level 2. HP: 17/27 MP: 2/2
   792 | D:1      | Reached XP level 3. HP: 15/33 MP: 3/3
   821 | D:1      | Reached skill level 1 in Dodging
  1211 | D:2      | Reached XP level 4. HP: 16/42 MP: 4/4
  1595 | D:3      | Reached skill level 4 in Armour
  1607 | D:3      | Killed from afar by an orc priest

Action                   |  1- 3 |  4- 6 || total
-------------------------+-------+-------++-------
Melee: War axe           |   117 |    41 ||   158
  Eat: Fruit             |     1 |       ||     1
       Bread ration      |       |     1 ||     1
